[Event "M11"]
[Site "?"]
[Date "2025.07.29"]
[Round "4"]
[White "Hartwig, Maik"]
[Black "Reichmann, Steffen"]
[Result "1/2-1/2"]
[ECO "A04"]
[WhiteElo "1970"]
[BlackElo "1996"]
[Annotator ",martin-koller@seznam"]
[PlyCount "75"]
[TimeControl "240+2"]

{600MB, Fritz10.ctg} 1. Nf3 d6 2. b3 f5 3. e4 fxe4 4. Ng5 Nf6 5. Nc3 Nc6 6.
Ngxe4 Bf5 7. Bd3 Qd7 8. Nxf6+ exf6 9. Qe2+ Be7 10. Qh5+ g6 11. Bxf5 gxh5 12.
Bxd7+ Kxd7 13. Bb2 Rhg8 14. g3 h4 15. O-O-O Ne5 16. Rde1 c6 17. Re2 d5 18. Nd1
Rae8 19. d4 Nf7 20. Rhe1 hxg3 21. fxg3 Ng5 22. Kb1 Ne4 23. Nf2 f5 24. Nxe4 fxe4
25. Rf1 Ref8 26. Ref2 Rxf2 27. Rxf2 Rf8 28. Rxf8 Bxf8 29. Bc1 Ke6 30. Bf4 Bd6
31. Bxd6 Kxd6 32. Kc1 Ke6 33. Kd2 Kf5 34. h3 h5 35. c3 b6 36. b4 Ke6 37. Ke2
Kd6 38. Kd2 1/2-1/2

[Event "K12"]
[Site "?"]
[Date "2025.07.29"]
[Round "4"]
[White "Feierfeil, Jiri"]
[Black "Korenek, Frantisek"]
[Result "0-1"]
[ECO "E39"]
[WhiteElo "1738"]
[BlackElo "1968"]
[Annotator ",martin-koller@seznam"]
[PlyCount "107"]
[TimeControl "240+2"]

{600MB, Fritz10.ctg} 1. d4 Nf6 2. c4 e6 3. Nc3 Bb4 4. Qc2 c5 5. dxc5 Bxc5 6. e3
O-O 7. Nf3 Nc6 8. a3 d5 9. cxd5 exd5 10. Be2 Qe7 11. O-O Be6 12. Rd1 Rac8 13.
Nd4 Nxd4 14. exd4 Bd6 15. Bf3 h6 16. Qe2 a6 17. Be3 Qd7 18. h3 Bb8 19. Rac1
Rfe8 20. Qd2 Qd6 21. Ne2 Qh2+ 22. Kf1 Ne4 23. Bxe4 dxe4 24. Bf4 Qh1+ 25. Ng1
Bc4+ 26. Rxc4 Rxc4 27. Bxb8 Rxb8 28. Qf4 Rd8 29. d5 Rc5 30. Qxe4 Qh2 31. g3 Rc6
32. h4 Rf6 33. Nf3 Qh3+ 34. Kg1 Qd7 35. Ne5 Qb5 36. Nc4 Qc5 37. Ne3 Qc8 38. Kg2
Re8 39. Qd4 b5 40. Rd2 Rd8 41. Rc2 Qd7 42. b4 Rd6 43. Rc5 h5 44. Qc3 g6 45. Rc7
Qe8 46. Qd4 R8d7 47. Rxd7 Qxd7 48. f4 f6 49. Qd3 Kf7 50. Qd4 Qe7 51. Kf3 Rd7
52. Qc5 neèitelné 0-1

[Event "M11"]
[Site "?"]
[Date "2025.07.29"]
[Round "4"]
[White "Silwer, Martin"]
[Black "Schaefer, Martin"]
[Result "1-0"]
[ECO "A80"]
[WhiteElo "1989"]
[BlackElo "1983"]
[Annotator ",martin-koller@seznam"]
[PlyCount "101"]
[TimeControl "240+2"]

{600MB, Fritz10.ctg} 1. d4 f5 2. Bg5 g6 3. Nc3 d5 4. h4 h6 5. Bf4 Bg7 6. Nf3 e6
7. Ne5 Ne7 8. g4 Nd7 9. e3 Nxe5 10. Bxe5 Bxe5 11. dxe5 c6 12. gxf5 exf5 13. Qd2
Be6 14. O-O-O Qc7 15. f4 O-O-O 16. Qd4 Kb8 17. Be2 Rhg8 18. Rhg1 c5 19. Qd2 a6
20. Bf3 g5 21. hxg5 hxg5 22. Rh1 d4 23. Ne2 g4 24. Bg2 d3 25. Nc3 c4 26. Rh6
Qc8 27. Kb1 Rg6 28. Rh7 Rd7 29. cxd3 Bg8 30. Rh8 Rxd3 31. Qe1 Qd7 32. e4 Rg7
33. exf5 Qxf5 34. Qe4 Rxd1+ 35. Nxd1 Ka7 36. Ne3 Qxe4+ 37. Bxe4 g3 38. Rh1 Ng6
39. Bxg6 Rxg6 40. f5 Rg5 41. Kc2 Kb6 42. Kc3 Kc5 43. Rg1 b5 44. e6 b4+ 45. Kd2
a5 46. Rc1 g2 47. Rg1 Bh7 48. e7 Rg8 49. Rxg2 Re8 50. f6 Kd4 51. Rg4+ 1-0

[Event "M11"]
[Site "?"]
[Date "2025.07.29"]
[Round "4"]
[White "Aubrecht, Petr"]
[Black "Kalisky, Vladimir"]
[Result "0-1"]
[ECO "A01"]
[WhiteElo "2015"]
[BlackElo "2133"]
[Annotator ",martin-koller@seznam"]
[PlyCount "134"]
[TimeControl "240+2"]

{600MB, Fritz10.ctg} 1. b3 Nf6 2. Bb2 g6 3. Bxf6 exf6 4. c4 d5
5. cxd5 Qxd5 6. Nc3 Qa5 7. g3 Ba3 8. Qc2 O-O 9. Bg2 c6 10. Nf3 Na6 11. O-O Re8
12. d3 f5 13. e3 Be6 14. Rad1 Rad8 15. Nd4 Bc8 16. Nb1 Be7 17. a3 Bxa3 18. Nxa3
Qxa3 19. Ra1 Qd6 20. Rfd1 Nb4 21. Qc4 a6 22. Rac1 Kg7 23. Rd2 f6 24. Ne2 Be6
25. Qc3 Nd5 26. Qd4 Qb4 27. Qb2 Nb6 28. Nd4 Bd5 29. Bf1 Nd7 30. Qc3 Qb6 31. b4
Ne5 32. Be2 Rd7 33. h4 Qc7 34. h5 Nf7 35. Nb3 Rxe3 36. Kh2 Re8 37. Bf1 Rde7 38.
Bg2 Bxg2 39. Kxg2 f4 40. Nd4 fxg3 41. fxg3 Re3 42. Rf2 Qxg3+ 43. Kf1 Qh3+ 44.
Rg2 Re2 45. Nxe2 Rxe2 46. h6+ Nxh6 47. Kxe2 Qxg2+ 48. Kd1 Nf5 49. Rb1 h5 50.
Rb2 Qg1+ 51. Kc2 Nd4+ 52. Kd2 Qf2+ 53. Kd1 Qf1+ 54. Kd2 Qf4+ 55. Kd1 h4 56. Qc5
Qf1+ 57. Kd2 Qf2+ 58. Kc3 Nb5+ 59. Kb3 Qxc5 60. bxc5 g5 61. Rg2 Kg6 62. Ka4 f5
63. Ka5 h3 64. Re2 g4 65. Kb6 g3 66. Re3 f4 67. Re8 h2 0-1

[Event "K12"]
[Site "?"]
[Date "2025.07.29"]
[Round "5"]
[White "Rull, Michael"]
[Black "Feierfeil, Jiri"]
[Result "0-1"]
[ECO "B21"]
[WhiteElo "1846"]
[BlackElo "1738"]
[Annotator ",martin-koller@seznam"]
[PlyCount "44"]
[TimeControl "240+2"]

{600MB, Fritz10.ctg} 1. e4 c5 2. d4 cxd4 3. c3 dxc3 4. Nxc3 Nc6 5. Nf3 d6 6.
Bc4 e6 7. O-O Be7 8. Qe2 Qc7 9. Bd2 Nf6 10. Rac1 O-O 11. Bd3 Qb8 12. Ng5 h6 13.
Nf3 Ng4 14. Ne1 Nge5 15. Bb1 Bd7 16. f4 Ng6 17. f5 Nge5 18. f6 Bd8 19. Qh5 Bxf6
20. Bxh6 Qd8 21. Nd5 exd5 22. exd5 Bg4 0-1

[Event "K12"]
[Site "?"]
[Date "2025.07.29"]
[Round "5"]
[White "Marsalek, Lubos"]
[Black "Algars, Oller"]
[Result "1-0"]
[ECO "A05"]
[WhiteElo "1906"]
[BlackElo "1870"]
[Annotator ",martin-koller@seznam"]
[PlyCount "37"]
[TimeControl "240+2"]

{600MB, Fritz10.ctg} 1. c4 c5 2. Nf3 Nf6 3. g3 Nc6 4. Bg2 g6 5. b3 Bg7 6. Bb2
O-O 7. O-O d5 8. cxd5 Nxd5 9. Bxg7 Kxg7 10. Qc2 b6 11. d4 Nxd4 12. Nxd4 cxd4
13. Qc4 e6 14. Qxd4+ Qf6 15. Qxf6+ Kxf6 16. e4 Nb4 17. e5+ Ke7 18. Bxa8 Ba6 19.
Be4 1-0

[Event "K11"]
[Site "?"]
[Date "2025.07.29"]
[Round "5"]
[White "Lebeda, Frantisek"]
[Black "Pokorny, Jan"]
[Result "1/2-1/2"]
[ECO "B30"]
[WhiteElo "1857"]
[BlackElo "1802"]
[Annotator ",martin-koller@seznam"]
[PlyCount "36"]
[TimeControl "240+2"]

{600MB, Fritz10.ctg} 1. e4 c5 2. Nf3 Nc6 3. Bb5 a6 4. Bxc6 dxc6 5. h3 e5 6. O-O
Bd6 7. d3 Ne7 8. Nbd2 b5 9. b3 O-O 10. Bb2 Ng6 11. Re1 Qf6 12. Nf1 Nf4 13. Ng3
g6 14. c3 Qe7 15. d4 c4 16. dxe5 Bxe5 17. Nxe5 Qxe5 18. Ba3 c5 1/2-1/2

[Event "K11"]
[Site "?"]
[Date "2025.07.29"]
[Round "5"]
[White "Plesnivy, Martin"]
[Black "Smisek, Robin"]
[Result "1/2-1/2"]
[ECO "D27"]
[WhiteElo "1801"]
[BlackElo "1823"]
[Annotator ",martin-koller@seznam"]
[PlyCount "36"]
[TimeControl "240+2"]

{600MB, Fritz10.ctg} 1. d4 d5 2. Nf3 Nf6 3. c4 dxc4 4. e3 e6 5. Bxc4 c5 6. O-O
a6 7. a4 cxd4 8. exd4 Nc6 9. Bg5 Be7 10. Nc3 O-O 11. Qd3 Qb6 12. Rab1 Rd8 13.
Be3 Nb4 14. Qe2 Qc7 15. Ne5 Nc6 16. Nxc6 Qxc6 17. Rbd1 b6 18. Bg5 Bb7 1/2-1/2

[Event "M11"]
[Site "?"]
[Date "2025.07.29"]
[Round "5"]
[White "Schaefer, Martin"]
[Black "Feldheim, Jonas"]
[Result "0-1"]
[ECO "D33"]
[WhiteElo "1983"]
[BlackElo "2118"]
[Annotator ",martin-koller@seznam"]
[PlyCount "56"]
[TimeControl "240+2"]

{600MB, Fritz10.ctg} 1. d4 d5 2. c4 e6 3. g3 c5 4. cxd5 exd5 5. Nf3 Nc6 6. Bg2
Nf6 7. Nc3 cxd4 8. Nxd4 Bc5 9. Nxc6 bxc6 10. O-O O-O 11. Qc2 Bb6 12. Na4 Ba6
13. Rd1 Re8 14. e3 Rc8 15. Nc5 Bxc5 16. Qxc5 Ne4 17. Bxe4 Rxe4 18. Qc2 Qf6 19.
Rd2 Rxe3 20. Qd1 Re4 21. Rc2 Rce8 22. Bd2 d4 23. Ba5 Qf5 24. Bb4 Be2 25. Qc1 d3
26. Rc5 Qh3 27. Bd2 Rh4 28. gxh4 Qg4+ 0-1

[Event "K12"]
[Site "?"]
[Date "2025.07.29"]
[Round "5"]
[White "Macha , Vaclav"]
[Black "Schoenmakers, Nico"]
[Result "1/2-1/2"]
[ECO "D66"]
[WhiteElo "1875"]
[BlackElo "1856"]
[Annotator ",martin-koller@seznam"]
[PlyCount "95"]
[TimeControl "240+2"]

{600MB, Fritz10.ctg} 1. d4 d5 2. c4 e6 3. Nc3 Nf6 4. Bg5 Be7 5. e3 O-O 6. Nf3
c6 7. Rc1 Nbd7 8. Bd3 dxc4 9. Bxc4 b5 10. Bd3 a6 11. O-O Bb7 12. Bxf6 Nxf6 13.
Ne4 Nxe4 14. Bxe4 Rc8 15. Ne5 Qd6 16. Qf3 Bf6 17. Nxc6 Bxc6 18. Bxc6 Rc7 19.
Bb7 a5 20. Rxc7 Qxc7 21. Bc6 b4 22. Rc1 Be7 23. Rc2 Qb8 24. Be4 Bd6 25. g3 Be7
26. Qh5 g6 27. Qxa5 Bd6 28. Qa6 Rd8 29. Qb7 Qxb7 30. Bxb7 Rd7 31. Be4 Ra7 32.
b3 h5 33. f3 Kg7 34. Kf2 Bf8 35. Bd3 Be7 36. e4 Rd7 37. Ke3 Bf6 38. Rc4 Be7 39.
f4 Ra7 40. Bb1 Rd7 41. h4 Bf8 42. f5 gxf5 43. exf5 exf5 44. Bxf5 Re7+ 45. Kf3
Re1 46. d5 Rf1+ 47. Ke4 Re1+ 48. Kf3 1/2-1/2

[Event "K11"]
[Site "?"]
[Date "2025.07.29"]
[Round "5"]
[White "Melerowicz, Thomas"]
[Black "Vesely, Jaromir"]
[Result "1/2-1/2"]
[ECO "A11"]
[WhiteElo "1979"]
[BlackElo "1924"]
[Annotator ",martin-koller@seznam"]
[PlyCount "124"]
[TimeControl "240+2"]

{600MB, Fritz10.ctg} 1. Nf3 e6 2. c4 d5 3. e3 c6 4. Nc3 f5 5. b3 Nf6 6. Bb2 Bd6
7. cxd5 exd5 8. g3 O-O 9. Bg2 Be6 10. Qc2 Qe7 11. O-O Nbd7 12. Ne2 g6 13. a3
Bf7 14. b4 Ne5 15. Nxe5 Bxe5 16. Nd4 Ne4 17. d3 Nd6 18. Nf3 Bxb2 19. Qxb2 Rae8
20. Rfc1 g5 21. a4 a6 22. Rab1 Bh5 23. Qd4 Bxf3 24. Bxf3 Qe5 25. Qxe5 Rxe5 26.
Re1 Rfe8 27. Kf1 Kg7 28. g4 Kg6 29. h3 Rf8 30. Bd1 f4 31. exf4 Rxe1+ 32. Kxe1
Rxf4 33. Ke2 Kf6 34. Ke3 Ke5 35. Bc2 d4+ 36. Ke2 Rf8 37. Re1 Kf4 38. Kf1 Re8
39. Rxe8 Nxe8 40. Bb3 Nf6 41. Be6 Ke5 42. Bc8 Nd5 43. Bxb7 Nxb4 44. Ke2 Kd6 45.
Bc8 a5 46. Bf5 h6 47. Be4 Na2 48. f4 Nc3+ 49. Kf3 Nxa4 50. h4 gxf4 51. g5 hxg5
52. h5 Ke7 53. Kg4 Kf6 54. h6 Nc5 55. Bxc6 Kg6 56. h7 Kxh7 57. Kxg5 f3 58. Bxf3
Nxd3 59. Be4+ Kg7 60. Bxd3 a4 61. Kf4 a3 62. Bb1 d3 1/2-1/2

[Event "K11"]
[Site "?"]
[Date "2025.07.29"]
[Round "5"]
[White "Tichy, Petr"]
[Black "Schimmer, Michael"]
[Result "1/2-1/2"]
[ECO "A30"]
[WhiteElo "1967"]
[BlackElo "1819"]
[Annotator ",martin-koller@seznam"]
[PlyCount "85"]
[TimeControl "240+2"]

{600MB, Fritz10.ctg} 1. Nf3 Nf6 2. c4 e6 3. b3 b6 4. g3 Bb7 5. Bg2 Be7 6. Bb2
O-O 7. O-O c5 8. e3 d6 9. d4 cxd4 10. exd4 Nbd7 11. Nc3 Ne4 12. Nxe4 Bxe4 13.
Re1 Nf6 14. d5 e5 15. Nxe5 dxe5 16. Bxe4 Nxe4 17. Rxe4 f6 18. a4 Qd7 19. Ba3
Bxa3 20. Rxa3 Qf5 21. Re3 Rad8 22. a5 h5 23. axb6 axb6 24. Ra7 Ra8 25. Qa1 Rxa7
26. Qxa7 h4 27. gxh4 Qb1+ 28. Kg2 Qg6+ 29. Kf1 Qb1+ 30. Ke2 Qc2+ 31. Ke1 Qc1+
32. Ke2 Qc2+ 33. Kf3 Qf5+ 34. Kg2 Qg6+ 35. Rg3 Qe4+ 36. Kf1 Qb1+ 37. Ke2 Qc2+
38. Kf1 Qb1+ 39. Kg2 Qe4+ 40. f3 Qc2+ 41. Kh1 Qd1+ 42. Kg2 Qc2+ 43. Kh1 1/2-1/2

[Event "K11"]
[Site "?"]
[Date "2025.07.29"]
[Round "5"]
[White "Dome, Michal"]
[Black "Spindler, Markus"]
[Result "1-0"]
[ECO "B22"]
[WhiteElo "1963"]
[BlackElo "1883"]
[Annotator ",martin-koller@seznam"]
[PlyCount "101"]
[TimeControl "240+2"]

{600MB, Fritz10.ctg} 1. e4 c5 2. c3 Nf6 3. e5 Nd5 4. Nf3 Nc6 5. Bc4 Nb6 6. Bb3
e6 7. O-O Be7 8. d4 cxd4 9. cxd4 d5 10. Nc3 a6 11. Qe2 Bd7 12. Be3 h6 13. Nd2
Na5 14. Qg4 g6 15. Bc2 Nac4 16. b3 Nxd2 17. Bxd2 Rc8 18. a3 Bb5 19. Rfc1 Bc6
20. Ne2 Kd7 21. Ba5 h5 22. Qf4 Rf8 23. Qd2 Bb5 24. Nc3 Nc4 25. bxc4 Qxa5 26.
cxb5 Qxc3 27. Qxc3 Rxc3 28. bxa6 b5 29. Bd1 Rxc1 30. Rxc1 Bxa3 31. Rc3 Bb2 32.
Rb3 Bxd4 33. Rxb5 Ra8 34. Rb7+ Kc8 35. Be2 Ra7 36. Rxa7 Bxa7 37. Kf1 Bd4 38. f4
h4 39. g3 hxg3 40. hxg3 f6 41. exf6 Bxf6 42. Bg4 Kb8 43. Bxe6 d4 44. Bc4 Be7
45. Bd3 g5 46. fxg5 Bxg5 47. Ke2 Be7 48. Kf3 Kc7 49. Ke4 Bf6 50. Kf5 Bg7 51. g4
1-0

[Event "K12"]
[Site "?"]
[Date "2025.07.29"]
[Round "5"]
[White "Suchy, Ladislav"]
[Black "Hentzgen, Thomas"]
[Result "0-1"]
[ECO "B33"]
[WhiteElo "1852"]
[BlackElo "1930"]
[Annotator ",martin-koller@seznam"]
[PlyCount "60"]
[TimeControl "240+2"]

{600MB, Fritz10.ctg} 1. e4 c5 2. Nf3 Nc6 3. d4 cxd4 4. Nxd4 e5 5. Nxc6 bxc6 6.
Bc4 Nf6 7. Nc3 Be7 8. O-O O-O 9. Bb3 d6 10. Bg5 h6 11. Bxf6 Bxf6 12. Qd3 a5 13.
Rfe1 Ba6 14. Qf3 Rb8 15. Rad1 Qc7 16. Qh5 Kh7 17. Re3 g6 18. Qf3 Bg5 19. Ree1
f5 20. exf5 Rxf5 21. Qh3 d5 22. g4 Rff8 23. Qg3 Bf4 24. Qg2 Qe7 25. Ne2 Qg5 26.
Nxf4 Rxf4 27. f3 Rbf8 28. h4 Qxh4 29. Rxe5 Rxf3 30. Re7+ Qxe7 0-1

[Event "K12"]
[Site "?"]
[Date "2025.07.29"]
[Round "5"]
[White "Korenek, Frantisek"]
[Black "Svoboda, Daniel"]
[Result "1:0"]
[ECO "B51"]
[WhiteElo "1968"]
[BlackElo "1941"]
[Annotator ",martin-koller@seznam"]
[PlyCount "43"]
[TimeControl "240+2"]

{600MB, Fritz10.ctg} 1. e4 c5 2. Nf3 d6 3. Bb5+ Nd7 4. c4 Ngf6 5. Nc3 g6 6. O-O
Bg7 7. d3 O-O 8. Bxd7 Bxd7 9. h3 Ne8 10. Bd2 Nc7 11. Qc1 b5 12. Bh6 bxc4 13.
Bxg7 Kxg7 14. dxc4 f6 15. Qe3 Rb8 16. b3 a5 17. Rfd1 Qc8 18. e5 fxe5 19. Nxe5
Rf5 20. Nxd7 Qxd7 21. Re1 Rf7 22. neèitelné 1:0

[Event "M11"]
[Site "?"]
[Date "2025.07.29"]
[Round "5"]
[White "Tornberg, Carlos"]
[Black "Silwer, Martin"]
[Result "1/2-1/2"]
[ECO "B22"]
[WhiteElo "2164"]
[BlackElo "1989"]
[Annotator ",martin-koller@seznam"]
[PlyCount "47"]
[TimeControl "240+2"]

{600MB, Fritz10.ctg} 1. e4 c5 2. c3 e6 3. d4 d5 4. exd5 exd5 5. Nf3 Nf6 6. Bg5
Be6 7. Nbd2 Nc6 8. dxc5 Bxc5 9. Bd3 O-O 10. Nb3 Be7 11. h3 Nd7 12. Bxe7 Qxe7
13. O-O Qf6 14. Re1 h6 15. Nbd4 Nde5 16. Bc2 Nxf3+ 17. Nxf3 Rad8 18. Qd3 g6 19.
Qe3 Kg7 20. Ne5 Nxe5 21. Qxe5 Qxe5 22. Rxe5 d4 23. cxd4 Rxd4 24. Rd1 1/2-1/2

[Event "M11"]
[Site "?"]
[Date "2025.07.30"]
[Round "5"]
[White "Kalisky, Vladimir"]
[Black "Hatrwig, Maik"]
[Result "1-0"]
[ECO "B00"]
[WhiteElo "2133"]
[BlackElo "1970"]
[Annotator ",martin-koller@seznam"]
[PlyCount "87"]
[TimeControl "240+2"]

{600MB, Fritz10.ctg} 1. e4 e6 2. d4 b6 3. Nf3 Bb7 4. Bd3 c5 5. c3 cxd4 6. cxd4
Nf6 7. Nc3 d5 8. e5 Ne4 9. O-O Be7 10. Qe2 Nxc3 11. bxc3 Nc6 12. Nd2 Na5 13. f4
g6 14. Nb3 Nc6 15. g4 h5 16. f5 gxf5 17. gxf5 Kd7 18. f6 Bf8 19. Rf3 a5 20. a4
Bh6 21. Bxh6 Rxh6 22. Rg3 Qc8 23. Rg7 Nd8 24. Rc1 Ba6 25. Bxa6 Qxa6 26. Kf2
Qxe2+ 27. Kxe2 Rc8 28. Kd3 Rc4 29. Ra1 h4 30. Nd2 Rc7 31. Rb1 Kc6 32. h3 Rh5
33. Rg8 Rd7 34. Nf3 Nb7 35. Ng5 Nd8 36. Ke3 Rc7 37. Kf4 Kd7 38. Rb3 Rb7 39. Kg4
Rh6 40. Nf3 Rg6+ 41. Rxg6 fxg6 42. Nxh4 b5 43. axb5 a4 44. Ra3 1-0

[Event "M11"]
[Site "?"]
[Date "2025.07.29"]
[Round "5"]
[White "Reichmann, Steffen"]
[Black "Karlsson, Marcus"]
[Result "1-0"]
[ECO "B24"]
[WhiteElo "1996"]
[BlackElo "2006"]
[Annotator ",martin-koller@seznam"]
[PlyCount "149"]
[TimeControl "240+2"]

{600MB, Fritz10.ctg} 1. e4 c5 2. Nc3 Nc6 3. g3 Nf6 4. Bg2 d6 5. d3 e6 6. f4 d5
7. e5 Nd7 8. Nf3 b6 (8... h6) 9. O-O h5 10. h4 Ne7 11. Ng5 Nf5 12. Qe1 Be7 13.
Nxd5 Bxg5 14. fxg5 g6 15. Nf6+ Nxf6 16. exf6 Bd7 17. Bf4 Rc8 18. Qf2 Bc6 19.
Be4 Qd7 20. c3 Qb7 21. Qg2 Kd7 22. Rad1 Rhd8 23. Rd2 Ke8 24. Rfd1 Rd7 25. Kh2
Qa8 26. Kh3 Bb7 27. g4 hxg4+ 28. Kxg4 Kf8 29. Qf3 Rcd8 30. Bxb7 Qxb7 31. Qxb7
Rxb7 32. Rh2 Rbd7 33. Rh3 c4 34. d4 Nxd4 35. Rxd4 Rxd4 36. cxd4 Rxd4 37. Re3 b5
38. Kf3 b4 39. Be5 Rd5 40. Re4 Ke8 41. Kf4 Rc5 42. Bd6 Rf5+ 43. Kg4 c3 44. bxc3
bxc3 45. Rc4 Rd5 46. Be7 e5 47. Rxc3 Rd4+ 48. Kg3 Kd7 49. Bc5 Rd2 50. a3 a6 51.
Bb4 Rd4 52. Rc5 Ke6 53. Rc6+ Kf5 54. Rc7 a5 55. Bxa5 Rd3+ 56. Kg2 Rxa3 57. Bc3
e4 58. Rc4 Kf4 59. Bd2+ Kf5 60. Kf2 Rh3 61. Be3 Rxh4 62. Kg3 Rh1 63. Rc5+ Ke6
64. Bd4 Rf1 65. Re5+ Kd6 66. Rxe4 Kd5 67. Rh4 Rd1 68. Bf2 Ke5 69. Ra4 Kf5 70.
Be3 Rd3 71. Kf3 Rb3 72. Ra5+ Ke6 73. Ke4 Rb1 74. Ra6+ Kd7 75. Ra7+ 1-0

[Event "M11"]
[Site "?"]
[Date "2025.07.29"]
[Round "5"]
[White "Hanl, Frantisek"]
[Black "Aubrecht, Petr"]
[Result "1-0"]
[ECO "E65"]
[WhiteElo "2136"]
[BlackElo "2015"]
[Annotator ",martin-koller@seznam"]
[PlyCount "139"]
[TimeControl "240+2"]

{600MB, Fritz10.ctg} 1. c4 Nf6 2. Nc3 g6 3. g3 Bg7 4. Bg2 O-O 5. Nf3 d6 6. O-O
c5 7. d4 Nc6 8. b3 Bf5 9. Bb2 Ne4 10. Nd5 Qd7 11. Ne3 Bh3 12. Qd3 Bxg2 13. Kxg2
f5 14. Rad1 cxd4 15. Nxd4 Nc5 16. Qb1 f4 17. Nec2 fxg3 18. hxg3 Rf7 19. Nf3
Bxb2 20. Qxb2 Ne4 21. Ncd4 Raf8 22. Qc2 Nxd4 23. Rxd4 Rxf3 24. Qxe4 R3f5 25. f3
Qc7 26. Rd5 R5f6 27. Rfd1 Kf7 28. Qd4 Qc6 29. Qxa7 b6 30. Rb5 d5 31. Rbxd5 Ra8
32. Qd7 Rxa2 33. Qxc6 Rxc6 34. R1d2 Ra1 35. Rb5 Re6 36. e4 Rb1 37. Kf2 g5 38.
Ke3 g4 39. e5 gxf3 40. Rf2 Re1+ 41. Kf4 Rg6 42. Rxf3 h5 43. e6+ Rexe6 44. Rxh5
Re1 45. Rf5+ Ke8 46. Re5 Rf6+ 47. Rf5 Rg6 48. g4 Kd7 49. g5 Kd6 50. Rd5+ Kc6
51. Re3 Rf1+ 52. Kg4 Rg1+ 53. Kh5 Rg7 54. Kh6 Rg8 55. Re6+ Kc7 56. Rxe7+ Kc6
57. Rg7 Rh8+ 58. Kg6 Rb1 59. Rd3 b5 60. cxb5+ Kxb5 61. Rf3 Rg1 62. Rf5+ Kb6 63.
Kf6 Rf8+ 64. Kg6 Rh8 65. Rf6+ Kc5 66. Rc7+ Kb4 67. Kg7 Rb8 neèitelné 1-0

[Event "M11"]
[Site "?"]
[Date "2025.07.30"]
[Round "6"]
[White "Tornberg, Carlos"]
[Black "Reichmann, Steffen"]
[Result "0-1"]
[ECO "B22"]
[WhiteElo "2164"]
[BlackElo "1996"]
[Annotator ",martin-koller@seznam"]
[PlyCount "69"]
[TimeControl "240+2"]

{600MB, Fritz10.ctg} 1. e4 c5 2. c3 Nf6 3. e5 Nd5 4. d4 cxd4 5. Qxd4 e6 6. Nf3
Nc6 7. Qe4 f5 8. Qe2 b5 9. g3 a5 10. Bg2 Ba6 11. O-O b4 12. c4 Bc5 13. Rd1 Qb6
14. Nbd2 a4 15. Nh4 O-O 16. Nf1 Rae8 17. Bf4 Nd4 18. Qd3 Nxf4 19. gxf4 b3 20.
Rd2 bxa2 21. Rxa2 Nb3 22. Rc2 Bxf2+ 23. Rxf2 Nc1 24. Qc2 Nxa2 25. Qxa4 Nc1 26.
c5 Qb5 27. Qxb5 Bxb5 28. Nf3 Nd3 29. Rc2 Nxf4 30. Nd4 Bd3 31. Rc3 Nxg2 32. Rxd3
Nf4 33. Rd2 Nd5 34. Rc2 Ra8 35. Nd2 0-1

[Event "M11"]
[Site "?"]
[Date "2025.07.30"]
[Round "6"]
[White "Karlsson, Marcus"]
[Black "Kalisky, Vladimir"]
[Result "0-1"]
[ECO "B31"]
[WhiteElo "2006"]
[BlackElo "2133"]
[Annotator ",martin-koller@seznam"]
[PlyCount "94"]
[TimeControl "240+2"]

{600MB, Fritz10.ctg} 1. e4 c5 2. Nf3 Nc6 3. Bb5 g6 4. O-O Bg7 5. c3 Nf6 6. Re1
O-O 7. d3 d6 8. h3 a6 9. Ba4 b5 10. Bb3 Bb7 11. Bg5 Qc7 12. Nbd2 Na5 13. Bc2 e5
14. Nf1 Nd7 15. Ne3 f6 16. Bh4 Nb6 17. b4 Nc6 18. Bb3+ Kh8 19. Rc1 Ne7 20. Nd2
a5 21. a3 d5 22. Qe2 c4 23. Bc2 axb4 24. axb4 Ra2 25. Bb1 Rb2 26. Nd1 cxd3 27.
Qxd3 dxe4 28. Nxe4 Bxe4 29. Rxe4 Rd8 30. Qxb5 Rbd2 31. Re1 Nf5 32. Bxf5 gxf5
33. Ne3 f4 34. Ng4 R2d5 35. Qe2 Qf7 36. Qa6 R5d6 37. c4 Nc8 38. Qa5 Ne7 39. c5
Rd5 40. Qb6 Nf5 41. Bxf6 h5 42. Bxd8 hxg4 43. hxg4 Nd4 44. Rc3 f3 45. Ree3 Ne2+
46. Kh2 e4 47. Ra3 Rh5+ 0-1

[Event "M11"]
[Site "?"]
[Date "2025.07.30"]
[Round "6"]
[White "Aubrecht, Petr"]
[Black "Schaefer, Martin"]
[Result "1-0"]
[ECO "A01"]
[WhiteElo "2015"]
[BlackElo "1983"]
[Annotator ",martin-koller@seznam"]
[PlyCount "119"]
[TimeControl "240+2"]

{600MB, Fritz10.ctg} 1. b3 e5 2. Bb2 Nc6 3. e3 d5 4. Bb5 Bd6 5. f4 Qh4+ 6. g3
Qe7 7. Nf3 f6 8. fxe5 fxe5 9. Bxc6+ bxc6 10. Nxe5 Nf6 11. Nxc6 Qe4 12. O-O Bh3
13. Rf2 d4 14. Nxd4 O-O 15. Nc3 Qg6 16. Nde2 Nh5 17. Qe1 Rxf2 18. Qxf2 Rf8 19.
Nf4 Qxc2 20. d3 Qxf2+ 21. Kxf2 g5 22. Ne4 h6 23. Nxd6 cxd6 24. Ba3 gxf4 25.
gxf4 Rc8 26. Rg1+ Kf7 27. Bxd6 Rc2+ 28. Kf3 Rd2 29. Be5 Rxd3 30. Ke2 Rd7 31. b4
Bf5 32. a4 a6 33. Rc1 Bg4+ 34. Ke1 Bf3 35. Rc5 Rb7 36. Bc3 Nf6 37. Rf5 Rb6 38.
Bd4 Re6 39. Kd2 Be4 40. Rxf6+ Rxf6 41. Bxf6 Kxf6 42. b5 axb5 43. axb5 Ke6 44.
Kc3 Kd6 45. Kd4 Bf3 46. e4 Be2 47. e5+ Kc7 48. Kc5 Bg4 49. Kd5 Kd7 50. b6 Be6+
51. Ke4 Bh3 52. f5 Kc6 53. e6 Kd6 54. Kf4 Bg2 55. Kg4 Ke7 56. Kh5 Bf3+ 57. Kg6
Be4 58. Kg7 Bb7 59. f6+ Kxe6 60. f7 1-0

[Event "M11"]
[Site "?"]
[Date "2025.07.30"]
[Round "6"]
[White "Hartwig, Maik"]
[Black "Hanl, Frantisek"]
[Result "1/2-1/2"]
[ECO "B38"]
[WhiteElo "1970"]
[BlackElo "2136"]
[Annotator ",martin-koller@seznam"]
[PlyCount "77"]
[TimeControl "240+2"]

{600MB, Fritz10.ctg} 1. d4 Nf6 2. c4 c5 3. Nf3 g6 4. Nc3 cxd4 5. Nxd4 Bg7 6. e4
d6 7. Be2 Nc6 8. Be3 O-O 9. O-O Bd7 10. Qd2 Ng4 11. Bxg4 Bxg4 12. Nxc6 bxc6 13.
Bd4 Bxd4 14. Qxd4 Qb6 15. Qxb6 axb6 16. h3 Be6 17. b3 Ra5 18. a4 Rfa8 19. Rab1
R5a7 20. Rfd1 Rb7 21. Ne2 b5 22. axb5 cxb5 23. Nd4 bxc4 24. Nxe6 fxe6 25. bxc4
Rc7 26. e5 Ra6 27. exd6 exd6 28. Rb4 Rac6 29. Rd4 Kf7 30. f3 Ra6 31. Kf2 e5 32.
Re4 Ke6 33. g4 g5 34. Re2 Rac6 35. Re4 Rf7 36. Ra4 Rb6 37. Ra3 Rb4 38. Kg3 Rc7
39. Ra6 neèitelné 1/2-1/2

[Event "K11"]
[Site "?"]
[Date "2025.07.30"]
[Round "6"]
[White "Smisek, Robin"]
[Black "Dome, Michal"]
[Result "0-1"]
[ECO "E24"]
[WhiteElo "1823"]
[BlackElo "1963"]
[Annotator ",martin-koller@seznam"]
[PlyCount "44"]
[TimeControl "240+2"]

{600MB, Fritz10.ctg} 1. d4 Nf6 2. c4 e6 3. Nc3 Bb4 4. a3 Bxc3+ 5. bxc3 c5 6.
Nf3 Nc6 7. Bb2 b6 8. Qc2 d6 9. e4 e5 10. d5 Na5 11. Bd3 O-O 12. h3 Nxe4 13.
Bxe4 f5 14. Nxe5 dxe5 15. Bd3 Nb7 16. O-O Nd6 17. f3 Bd7 18. Rae1 Qf6 19. Re2
Rae8 20. Rfe1 e4 21. fxe4 fxe4 22. Bxe4 Nxe4 0-1

[Event "K11"]
[Site "?"]
[Date "2025.07.30"]
[Round "6"]
[White "Schimmer, Michael"]
[Black "Plesnivy, Martin"]
[Result "0-1"]
[ECO "B46"]
[WhiteElo "1819"]
[BlackElo "1801"]
[Annotator ",martin-koller@seznam"]
[PlyCount "42"]
[TimeControl "240+2"]

{600MB, Fritz10.ctg} 1. e4 c5 2. Nf3 Nc6 3. d4 cxd4 4. Nxd4 a6 5. Nc3 e6 6. Be3
Bb4 7. Qd2 Nf6 8. f3 O-O 9. g4 d5 10. g5 Nd7 11. O-O-O dxe4 12. Nxc6 bxc6 13.
fxe4 Qa5 14. a3 Bxa3 15. Nb1 Bxb2+ 16. Kxb2 Rb8+ 17. Kc1 Qa1 18. Qe2 Rxb1+ 19.
Kd2 Qa5+ 20. Kd3 Ne5+ 21. Kd4 Rd8# 0-1

[Event "K11"]
[Site "?"]
[Date "2025.07.30"]
[Round "6"]
[White "Lebeda, Frantisek"]
[Black "Melerowicz, Thomas"]
[Result "1/2-1/2"]
[ECO "C45"]
[WhiteElo "1857"]
[BlackElo "1979"]
[Annotator ",martin-koller@seznam"]
[PlyCount "66"]
[TimeControl "240+2"]

{600MB, Fritz10.ctg} 1. e4 Nc6 2. d4 e5 3. Nf3 exd4 4. Nxd4 Bc5 5. Nb3 Bb6 6.
Nc3 d6 7. Be2 Nge7 8. O-O O-O 9. Bg5 f6 10. Bh4 Be6 11. Nd5 Bf7 12. c4 Ne5 13.
Rc1 c6 14. Nxb6 axb6 15. a3 c5 16. Qc2 Qc7 17. Rcd1 Rfd8 18. f4 N5c6 19. Bd3
Ng6 20. Be1 Qe7 21. h4 Re8 22. g3 Rad8 23. Bf2 Nf8 24. g4 h6 25. h5 Qd7 26. Be2
Be6 27. f5 Bf7 28. Be3 Qe7 29. Bf3 Nh7 30. Bf4 Ne5 31. Be2 Qc7 32. Nd2 Qc6 33.
a4 Ra8 1/2-1/2